cohdb
Replays
Latest Replays
All Replays
Popular Replays
Top Player Replays
Match Explorer
How It Works
Community
CoH3 Stats
Reddit
Sign in to upload your games and track your stats! →
Sign in with Steam
Match 44476633
Unlisted
Match 44476633
Overview
Messages
Build Orders
End
Kettenkrad Recon Vehicle
Construct Infanterie Kompanie
MG 42 Machine Gun Team
Grenadier Squad
MG 42 Machine Gun Team
Grenadier Squad
Construct Panzergrenadier Kompanie
Medical Bunker
Pak 40 Anti-tank Gun Team
Construct Panzer Kompanie
Stoßtruppen Squad
Panzer IV Medium Tank
Pioneer Squad
Panzer IV Medium Tank
Pioneer Squad
Selects Breakthrough Battlegroup
Selects Rapid Production
Selects Blitzkrieg
Selects Assault Grenadiers
Selects Smoke Bombing Run
Selects Incendiary Bombing Run
Blitzkrieg
Side Skirts
Selects Tiger Heavy Tank
Tiger Heavy Tank
Panzer Officer Quarters
Repair Bunker
Pioneer Squad
Panzer IV Medium Tank
Havoc
combat0001
max 228
GruZ
Ned
Zero Ambition
0
0
Comments
sign in to comment!
No comments posted yet!